 Dungeon Crawl Stone Soup version 0.31-a0-187-gba352fbbf7 (webtiles) character file.

Game seed: 17413708728994167189

31 qw the Shooter (level 3, -7/20 HPs)
             Began as a Deep Elf Hunter on June 22, 2023.
             Mangled by Terence
             ... wielding a +0 falchion
              (8 damage)
             ... on level 2 of the Dungeon.
             The game lasted 00:00:18 (989 turns).

qw the Shooter (Deep Elf Hunter)                     Turns: 989, Time: 00:00:18

Health: -7/20      AC:  3    Str: 10    XL:     3   Next: 7%
Magic:  5/5        EV: 12    Int: 13    God:
Gold:   75         SH:  0    Dex: 18    Spells: 2/2 levels left

rFire   . . .        Y - +0 shortbow
rCold   . . .        (shield currently unavailable)
rNeg    . . .        c - +0 leather armour
rPois   .            (no helmet)
rElec   .            (no cloak)
rCorr   .            (no gloves)
SInv    .            (no boots)
Will    .....        (no amulet)
Stlth   ++           (no ring)
HPRegen 0.23/turn    (no ring)
MPRegen 0.09/turn

%: no passive effects
@: no status effects
A: no striking features
a: no special abilities


You were on level 2 of the Dungeon.
You visited 1 branch of the dungeon, and saw 2 of its levels.

You collected 75 gold pieces.


   Skills:
 - Level 1.5 Fighting
 + Level 6.7 Ranged Weapons
 - Level 2.4 Dodging
 - Level 1.2 Stealth


You had 2 spell levels left.
You didn't know any spells.
Your spell library was empty.

Inventory:

Hand Weapons
 Y - a +0 shortbow (weapon)
Armour
 c - a +0 leather armour (worn)
Potions
 f - a potion of brilliance {unknown}
 h - a potion of ambrosia {unknown}
 i - a potion of cancellation {unknown}

Dungeon Overview and Level Annotations

Branches:
Dungeon (2/15)

Altars:
Cheibriados

Shops:
D:1 [

Annotations:
D:2 Terence


Message History

You now have 75 gold pieces (gained 11).
Found a stone staircase leading down.
Terence the Incautious comes into view.
He is wielding a +0 falchion.
You shoot an arrow. The arrow hits Terence.
Terence shouts!
Terence is moderately wounded.
You hear an angry growl.
You shoot an arrow. The arrow barely misses Terence.
You shoot an arrow. The arrow hits Terence.
Terence is moderately wounded.
You hear an angry growl.
A black bear comes into view.
Terence drinks a potion.
Terence goes berserk!
You shoot an arrow. The black bear growls angrily.
The arrow hits Terence.
Terence is heavily wounded.
Terence barely misses you.
You shoot an arrow. The arrow hits Terence.
Terence is heavily wounded.
Terence completely misses you. Terence hits you with a +0 falchion.
You shoot an arrow. The arrow hits Terence!
Terence is severely wounded.
You shoot an arrow.
The arrow closely misses the black bear.
Terence rages.
The black bear bites you. The black bear closely misses you.
The black bear claws you but does no damage.
You shoot an arrow.
The arrow hits Terence but does no damage.
Terence is severely wounded.
Terence hits you with a +0 falchion. The black bear barely misses you.
The black bear closely misses you.
The black bear claws you but does no damage.
Terence hits you with a +0 falchion!
You shoot an arrow.
The arrow hits Terence but does no damage.
Terence is severely wounded.
Terence hits you with a +0 falchion!
You die...

#.##
#..#
##.# #.#
.## #.#
....
#.##
#..#..#
#....##
####@.#
#...h@.#
#.##...#
#..>.
#....=
#######


You could see a black bear and Terence (berserk).

Vanquished Creatures
  3 dart slugs
  A ball python (D:1)
  3 endoplasms (D:1)
  3 giant cockroaches (D:1)
  A quokka (D:1)
  2 bats (D:1)
  6 frilled lizards (D:1)
  3 goblins (D:1)
  A kobold (D:1)
  3 rats (D:1)
26 creatures vanquished.

Notes
Turn   | Place    | Note
-------+----------+-------------------------------------------
     0 | D:1      | qw the Deep Elf Hunter began the quest for the Orb.
     0 | D:1      | Reached XP level 1. HP: 12/12 MP: 3/3
     0 | D:1      | 0 ||| qw: Version: 0.3-a-9-g12657ce
     0 | D:1      | 0 ||| qw: Game counter: 2146
     0 | D:1      | 0 ||| qw: Always use a shield: true
     0 | D:1      | 0 ||| qw: God list: Okawaru
     0 | D:1      | 0 ||| qw: Allow faded altars: false
     0 | D:1      | 0 ||| qw: Do Orc after D:15 true
     0 | D:1      | 0 ||| qw: Do second Lair branch before Depths: true
     0 | D:1      | 0 ||| qw: Lair rune preference: random
     0 | D:1      | 0 ||| qw: Plans: Normal
     0 | D:1      | 0 ||| PLANNING D:1-11
   265 | D:1      | Reached XP level 2. HP: 16/16 MP: 4/4
   267 | D:1      | Reached skill level 6 in Ranged Weapons
   582 | D:1      | Found Cuutui's Antique Armour Boutique.
   592 | D:1      | 592 ||| SHOPLISTING ring mail (92 gold, have 48).
   835 | D:1      | Found a snail-covered altar of Cheibriados.
   836 | D:1      | 836 ||| READING scroll labelled HEPNIS PAD.
   839 | D:1      | 839 ||| READING scroll labelled GONIKEGAPS.
   840 | D:1      | 840 ||| READING scroll labelled MANLOSTRECK.
   841 | D:1      | 841 ||| DROPPING scroll of butterflies.
   898 | D:2      | Reached XP level 3. HP: 20/20 MP: 5/5
   980 | D:2      | Noticed Terence
   983 | D:2      | Noticed a black bear
   988 | D:2      | HP: 1/20 [Terence/+0 falchion (7)]
   989 | D:2      | Mangled by Terence

Levels and vault maps discovered:
D:1:      sevenhm_arrival_forest_fort_small_6, layout_basic, serial_shops,
          nicolae_shop_trees
D:2:      layout_basic, shapermc_ecumenical_altar_gd, uniq_terence

Skill      XL: |  1  2 |
---------------+-------+-----
Ranged Weapons | 6 |  6.7
Fighting       | |  1.5
Dodging        | |  2.4
Stealth        | |  1.2

Action                     || total
---------------------------++-------
   Fire: Shortbow          ||    61
    Use: Scroll            ||     3
 Armour: Leather armour    ||     5
  Dodge: Dodged            ||    12

Table legend:
 A = Non-vault XP
 B = Vault XP
 C = Vault XP percentage of total XP
 D = Non-vault monster count
 E = Vault monster count
 F = Vault count percentage of total count
                 A         B        C        D         E       F
            +---------+---------+-------+---------+---------+-------
      Total |      45 |       0 |   0.0 |      26 |       0 |   0.0
            +---------+---------+-------+---------+---------+-------
        D:1 |      37 |       0 |   0.0 |      24 |       0 |   0.0
        D:2 |       8 |       0 |   0.0 |       2 |       0 |   0.0
            +---------+---------+-------+---------+---------+-------
